[Event "ICC tourney 2545 (75 10)"]
[Site "Internet Chess Club"]
[Date "2021.05.02"]
[Round "6"]
[White "VIDENA, DANIEL TUAPEN:Davide25"]
[Black "SPERBER, JACOB:jacobsperber"]
[Result "0-1"]
[ICCResult "White resigns"]
[WhiteElo "1528"]
[BlackElo "1445"]
[Opening "King's Indian: orthodox, Aronin-Taimanov variation (Yugoslav attack / Mar del Plata variation)"]
[ECO "E97"]
[NIC "KI.08"]
[Time "18:01:27"]
[PlyCount "88"]
[TimeControl "4500+10"]

1. d4 Nf6 2. c4 g6 3. Nc3 Bg7 4. Nf3 O-O 5. e4 d6 6. Be2 e5 7. O-O Nc6 8.
Be3 Ne8 9. d5 Ne7 10. Nd2 f5 11. f3 f4 12. Bf2 g5 13. c5 Rf7 14. Nc4 Bf8
15. Qb3 h5 16. cxd6 cxd6 17. Nb5 b6 18. Qa3 Ng6 19. Nxb6 g4 20. Nxa8 Qg5
21. Qc3 Bd7 22. Nbc7 g3 23. hxg3 fxg3 24. Bxg3 Qxg3 25. Qe1 Qf4 26. Ne6
Bxe6 27. dxe6 Rg7 28. g3 Qg5 29. Kh2 d5 30. Rc1 dxe4 31. fxe4 h4 32. Rf3
Rh7 33. Kg1 Nf4 34. Rcc3 Nf6 35. e7 Bxe7 36. Bc4+ Kf8 37. Bd5 N6xd5 38.
exd5 h3 39. Rc8+ Kg7 40. Rxf4 exf4 41. Qc3+ Kf7 42. Qb3 Qxg3+ 43. Qxg3 fxg3
44. Rc7 h2+ { White resigns } 0-1